 Dungeon Crawl Stone Soup version 0.31-a0-1620-gcbf77bbcfc (webtiles) character file.

Game seed: 16384681982311402297

2664 porpoise the Skirmisher (level 9, -3/82 HPs)
             Began as a Minotaur Hunter on Jan 12, 2024.
             Slain by an orc warrior
             ... wielding a +0 war axe
              (7 damage)
             ... in a bailey.
             The game lasted 00:25:18 (7195 turns).

porpoise the Skirmisher (Minotaur Hunter)           Turns: 7195, Time: 00:25:18

Health: -3/82      AC:  9    Str: 15    XL:     9   Next: 36%
Magic:  8/8        EV: 11    Int:  6    God:
Gold:   245        SH:  0    Dex: 19    Spells: 8/8 levels left

rFire   . . .        b - +3 war axe
rCold   . . .        (no shield)
rNeg    . . .        z - +0 ring mail
rPois   .            (helmet restricted)
rElec   .            K - +0 cloak
rCorr   .            C - +0 pair of gloves
SInv    .            J - +0 pair of boots
Will    .....        (no amulet)
Stlth   +            (no ring)
HPRegen 0.33/turn    (no ring)
MPRegen 0.11/turn

%: no passive effects
@: no status effects
A: horns 2, retaliatory headbutt
a: no special abilities


You were in a bailey.
You visited 1 branch of the dungeon, and saw 7 of its levels.
You also visited: Bailey.

You collected 245 gold pieces.

Inventory:

Hand Weapons
 a - a +1 shortbow of flaming
 b - a +3 war axe (weapon)
 w - a +1 falchion of holy wrath
 L - a +3 heavy hand axe
 M - a +4 great sword of holy wrath
Missiles
 d - 23 boomerangs (quivered)
 e - 4 datura-tipped darts
 g - 11 poisoned darts
 G - 4 curare-tipped darts
Armour
 c - a +0 leather armour
 f - the +5 scale mail "Vusasef" {rElec Int+5 Dex-4}
   (You found it on level 3 of the Dungeon)

   Int+5:     It affects your intelligence (+5).
   Dex-4:     It affects your dexterity (-4).
   rElec:     It insulates you from electricity.
 z - a +0 ring mail (worn)
 C - a +0 pair of gloves (worn)
 J - a +0 pair of boots (worn)
 K - a +0 cloak (worn)
Jewellery
 i - a +6 ring of intelligence
 q - an amulet of faith
Wands
 t - a wand of iceblast (9)
 y - a wand of digging (7)
 B - a wand of charming (2)
Scrolls
 j - 3 scrolls of butterflies
 n - a scroll of fog {unknown}
 o - a scroll of fear
 p - a scroll of torment
 s - 3 scrolls of teleportation
 x - a scroll of enchant weapon
 D - a scroll of noise {unknown}
 F - a scroll of identify
Potions
 h - a potion of enlightenment
 k - 2 potions of attraction
 l - a potion of resistance
 m - a potion of lignification
 r - a potion of invisibility
 u - a potion of haste
 v - a potion of cancellation
 A - a potion of brilliance
 E - a potion of ambrosia {unknown}
 I - a potion of mutation {unknown}


   Skills:
 + Level 8.7 Fighting
 * Level 11.6 Ranged Weapons
 + Level 4.8 Armour
 - Level 2.1 Dodging
 - Level 0.7 Stealth


You had 8 spell levels left.
You didn't know any spells.
Your spell library contained the following spells:

 Spells                   Type           Power      Damage    Failure   Level
 Slow                     Hex            0%         N/A       67%         1
 Confusing Touch          Hex            0%         N/A       95%         3
 Gell's Gravitas          Tloc           0%         N/A       95%         3
 Sigil of Binding         Hex            0%         N/A       95%         3
 Teleport Other           Tloc           0%         N/A       95%         3
 Vampiric Draining        Necr           0%         2d6       95%         3
 Dispersal                Tloc           0%         N/A       100%        6


Dungeon Overview and Level Annotations

Branches:
Dungeon (7/15)             Temple (0/1) D:4          Bailey (1/1)

Altars:
Fedhas
Makhleb
Trog


Innate Abilities, Weirdness & Mutations

You have a pair of horns on your head.
You reflexively headbutt those who attack you in melee.


Message History

The orc warrior hits you with a +0 war axe!
You hit the orc warrior but do no damage.
The orc warrior is moderately wounded.
You feel very sick. The orc warrior barely misses you.
The orc warrior hits you with a +0 war axe!
You closely miss the orc warrior.
The orc warrior is moderately wounded.
You feel sick.
The orc warrior hits you with a +0 war axe!
The orc warrior barely misses you.
The orc warrior hits you with a +0 war axe.
You closely miss the orc warrior.
The orc warrior is moderately wounded.
You feel sick.
You are no longer poisoned.
The orc warrior hits you with a +0 war axe!
* * * LOW HITPOINT WARNING * * *
The orc warrior hits you with a +0 war axe.
* * * LOW HITPOINT WARNING * * *
You feel better.
The orc warrior hits you with a +0 war axe!
* * * LOW HITPOINT WARNING * * *
You feel better.
The orc warrior hits you with a +0 war axe.
* * * LOW HITPOINT WARNING * * *
The orc warrior hits you with a +0 war axe!
* * * LOW HITPOINT WARNING * * *
Unknown command.
You slash the orc warrior!
The orc warrior is heavily wounded.
You feel yourself speed up.
The orc warrior hits you with a +0 war axe.
* * * LOW HITPOINT WARNING * * *
The orc warrior closely misses you.
You hit the orc warrior but do no damage.
Your headbutt misses the orc warrior.
The orc warrior is heavily wounded.
The orc warrior hits you with a +0 war axe!
You die...

#.###~~.......~~###.#
#....~~.......~~....#
#####~~.......~~#####
##~.......~##
####'''#### ##.....##
#∩.....∩# #...8...#
##..@..## ###o###


KKK ..... ....... ......... ........... ............. You could see an orc
warrior and 3 kobold brigands.

Vanquished Creatures
  Sigmund (D:3)
  Menkaure (D:4)
  A water moccasin (D:6)
  An orc warrior (Bailey)
  An ice beast (D:5)
  2 black bears
  2 ogres (D:5)
  2 centaurs
  3 kobold brigands (Bailey)
  4 scorpions
  4 wights (D:6)
  A howler monkey (D:5)
  3 jellies
  3 hounds
  A bombardier beetle (D:5)
  A gnoll bouda (D:6)
  4 orc priests
  A sleepcap (D:5)
  2 iguanas (D:5)
  Natasha (thrice) (D:3)
  2 orc wizards
  10 gnolls
  8 adders
  A shadow imp (D:7)
  A white imp (D:7)
  2 ufetubi (D:6)
  4 dart slugs
  3 ribbon worms
  22 orcs
  7 ball pythons
  8 endoplasms
  3 giant cockroaches
  6 hobgoblins
  9 jackals
  13 kobolds
  6 quokkas
  2 bats
  3 frilled lizards
  17 goblins
  4 rats
172 creatures vanquished.

Vanquished Creatures (others)
  An orc warrior (Bailey)
1 creature vanquished.

Grand Total: 173 creatures vanquished

Notes
Turn   | Place    | Note
-------+----------+-------------------------------------------
     0 | D:1      | porpoise the Minotaur Hunter began the quest for the Orb.
     0 | D:1      | Reached XP level 1. HP: 18/18 MP: 0/0
   130 | D:1      | Reached XP level 2. HP: 20/25 MP: 1/1
   254 | D:1      | Reached skill level 5 in Ranged Weapons
   341 | D:1      | Reached XP level 3. HP: 31/31 MP: 2/2
  1084 | D:2      | Reached XP level 4. HP: 39/39 MP: 3/3
  1592 | D:2      | Reached skill level 6 in Ranged Weapons
  1847 | D:3      | Found a blossoming altar of Fedhas.
  1849 | D:3      | Identified the +5 scale mail "Vusasef" {rElec Int+5 Dex-4}
  2064 | D:3      | Noticed Natasha
  2081 | D:3      | Killed Natasha
  2082 | D:3      | Reached XP level 5. HP: 5/46 MP: 4/4
  2305 | D:3      | Noticed Sigmund
  2316 | D:3      | Killed Sigmund
  2317 | D:3      | Reached skill level 5 in Fighting
  2317 | D:3      | Reached skill level 7 in Ranged Weapons
  2317 | D:3      | Reached XP level 6. HP: 56/56 MP: 5/5
  2424 | D:3      | Noticed Natasha
  2428 | D:3      | Killed Natasha
  2524 | D:3      | Noticed Natasha
  2528 | D:3      | Killed Natasha
  2560 | D:3      | Found a burning altar of Makhleb.
  2565 | D:3      | Found a bloodstained altar of Trog.
  2929 | D:4      | Noticed Menkaure
  2935 | D:4      | Killed Menkaure
  2936 | D:4      | Reached skill level 8 in Ranged Weapons
  2936 | D:4      | Reached XP level 7. HP: 62/62 MP: 6/6
  2937 | D:4      | Found a staircase to the Ecumenical Temple.
  3864 | D:5      | Entered Level 5 of the Dungeon
  3874 | D:5      | Reached skill level 9 in Ranged Weapons
  4100 | D:5      | Reached XP level 8. HP: 50/71 MP: 7/7
  4436 | D:5      | Reached skill level 1 in Armour
  4467 | D:5      | Reached skill level 10 in Ranged Weapons
  5871 | D:6      | Reached skill level 11 in Ranged Weapons
  5871 | D:6      | Reached XP level 9. HP: 71/81 MP: 8/8
  6750 | D:7      | Found a flagged portal.
  6762 | Bailey   | Entered a bailey
  7194 | Bailey   | HP: 3/82 [orc warrior/+0 war axe (4)]
  7195 | Bailey   | Slain by an orc warrior

Illustrated notes

Levels and vault maps discovered:
D:1:      wander_arrival_peaceful_grave, layout_loops_ring,
          minmay_split_cup_large
D:2:      layout_basic
D:3:      layout_basic, jmf_multi_god_temple2, fedhas_altar_1,
          lemuel_flame_loot_1, uniq_natasha, uniq_sigmund
D:4:      cheibrodos_pilgrimage, layout_basic, minmay_temple_entry_from_below_b,
          nicolae_concentric_dashed_squares_wild, kennysheep_pointless_box,
          hangedman_decor_growths, uniq_menkaure
D:5:      layout_cave_pools
D:6:      layout_cave_pods, sigmund_army
D:7:      layout_basic, enter_bailey_5
Bailey:   bailey_axe_3, bailey

Skill      XL: |  1  2  3  4  5  6  7  8  9 |
---------------+----------------------------+-----
Fighting       | 3 4 5 6 8 |  8.7
Ranged Weapons | 5 6 7 8 9 11 | 11.6
Armour         | 3 4 |  4.8
Dodging        | |  2.1
Stealth        | |  0.7

Action                     |  1- 3 |  4- 6 |  7- 9 || total
---------------------------+-------+-------+-------++-------
  Melee: Mace              |       |       |    19 ||    19
         Headbutt          |       |       |     8 ||     8
         Whip              |       |       |     5 ||     5
         Shortbow          |       |       |     1 ||     1
         Punch             |       |       |     1 ||     1
         War axe           |       |       |    12 ||    12
   Fire: Shortbow          |    96 |   166 |   346 ||   608
  Throw: Boomerang         |       |       |     1 ||     1
  Evoke: Wand              |       |       |     2 ||     2
    Use: Scroll            |       |     5 |    15 ||    20
         Potion            |       |       |     3 ||     3
 Armour: Leather armour    |    18 |    54 |    51 ||   123
         Ring mail         |       |       |   123 ||   123
  Dodge: Dodged            |    18 |    40 |   125 ||   183

Table legend: (Time is in decaauts)
 A = Elapsed time spent in this place.
 B = Non-inter-level travel time spent in this place.
 C = Inter-level travel time spent in this place.
 D = Time resting spent in this place.
 E = Time spent auto-exploring this place.
 F = Levels seen in this place.
 G = Mean time per level.
                   A        B        C        D        E       F      G
               +--------+--------+--------+--------+--------+-----+--------+
         Total |   7252 |   7098 |    154 |   2254 |   3392 |   8 |  906.5 |
       Dungeon |   6800 |   6646 |    154 |   2009 |   3392 |   7 |  971.4 |
        Bailey |    452 |    452 |      0 |    245 |      0 |   1 |  452.0 |
               +--------+--------+--------+--------+--------+-----+--------+

Top non-repeatable levels by time:
     D:6: 1488 daAuts
     D:3: 1117 daAuts
     D:4: 1048 daAuts
     D:2: 1029 daAuts
     D:5: 975 daAuts
     D:1: 726 daAuts
  Bailey: 452 daAuts
     D:7: 413 daAuts
